 Dungeon Sprint DCSS version 0.22.1-1-ga44c0e56f4 (webtiles) character file.

25 MuseOD the Sneak (level 2, -2/14 HPs)
             Began as a Spriggan Enchanter on Sept 29, 2018.
             Slain by a wolf (5 damage)
             ... in the Dungeon (Sprint III: "The Ten Rune Challenge").
             The game lasted 00:01:01 (199 turns).

MuseOD the Sneak (Spriggan Enchanter)                Turns: 199, Time: 00:01:02

Health: -2/14      AC:  2    Str:  4    XL:     2   Next: 82%
Magic:  6/7        EV: 19    Int: 16    God:
Gold:   0          SH:  0    Dex: 16    Spells: 4/7 levels left

rFire    . . .     SeeInvis +   a - +1 dagger
rCold    . . .     Gourm    .   (shield restricted)
rNeg     . . .     Faith    .   b - +0 robe
rPois    .         Spirit   .   (helmet restricted)
rElec    .         Reflect  .   (no cloak)
rCorr    .         Harm     .   (gloves unavailable)
MR       .....     NoTele   +   (boots unavailable)
Stlth    +++.......             (no amulet)
HPRegen  0.04/turn              (no ring)
MPRegen  0.10/turn              (no ring)

@: very quick
A: very small, unfitting armour, see invisible, herbivore, speed 3, slow
metabolism 2
a: no special abilities


You were in the Dungeon.
You were not hungry.

You visited 1 branch

Inventory:

Hand Weapons
 a - a +1 dagger (weapon)
Armour
 b - a +0 robe (worn)
Scrolls
 j - a scroll of blinking
Potions
 e - a potion of curing
 f - a potion of heal wounds
 g - a potion of haste
 h - 2 potions of magic
Comestibles
 d - a ration


   Skills:
 + Level 1.4 Fighting
 * Level 3.3 Short Blades
 - Level 3.4 Dodging
 + Level 6.5 Stealth
 - Level 3.2 Spellcasting
 - Level 4.7 Hexes


You had 4 spell levels left.
You knew the following spells:

 Your Spells              Type           Power        Failure   Level  Hunger
a - Corona                Hex            ###....      2%          1    None
b - Ensorcelled Hibernat  Hex/Ice        ##....       11%         2    ##.....

Your spell library contained the following spells:

 Spells                   Type           Power        Failure   Level  Hunger
 Confuse                  Hex            ###.....     8%          3    ###....
 Tukima's Dance           Hex            ###.....     8%          3    ###....
 Dazzling Spray           Conj/Hex       ##....       21%         3    ###....


Dungeon Overview and Level Annotations

Branches:
Dungeon (1/1)

Altars:


Innate Abilities, Weirdness & Mutations

You are very small and have problems with some larger weapons.
You are too small for most types of armour.
You have supernaturally acute eyesight. (SInv)
You are a herbivore.
You cover ground extremely quickly.
You need to consume almost no food.


Message History

Aiming: Ensorcelled Hibernation (safe; 11% risk of failure)
Press: ? - help, Shift-Dir - straight line, f - wolf
Aim: a wolf (hasn't noticed you, chance to defeat MR: 41%)
The wolf howls!
The wolf looks drowsy...
You enter the shallow water.
Moving in this stuff is going to be slow.
Your unstable footing causes you to fumble your attack.
The wolf bites you!
Ouch! That really hurt!
* * * LOW HITPOINT WARNING * * *
The wolf completely misses you.
Casting: Ensorcelled Hibernation (safe; 11% risk of failure)
Confirm with . or Enter, or press ? or * to list all spells.
Aiming: Ensorcelled Hibernation (safe; 11% risk of failure)
Press: ? - help, Shift-Dir - straight line, f - you, p - wolf That would be overly suicidal.
Okay, then.
You open the door. The wolf bites you.
You die...

▓▓▓▓▓▓▓▓▓▓▓▓▓
▓<.#!$'...♣.♣ ▓..#
#@...♣♣♣
▓#'####.h..♣.♣
▓.....#....≈♣♣♣ .#
▓.....#...≈≈♣.♣♣..#
▓....)#..≈≈≈≈♣♣.♣.+
▓####'#..≈≈≈≈≈≈♣..#
▓(...†#.≈≈≈≈≈≈....#
▓.....#.≈≈≈≈≈.....#
▓.....#.≈≈≈.......#


You could see a wolf.

Vanquished Creatures
  A human (D)
  An ooze (D)
  3 rats (D)
5 creatures vanquished.

Vanquished Creatures (others)
  2 draconian scorchers (D)
  6 hellions (D)
  A yaktaur (D)
9 creatures vanquished.

Grand Total: 14 creatures vanquished

Notes
Turn   | Place    | Note
-------+----------+-------------------------------------------
     0 | D        | MuseOD the Spriggan Enchanter began the quest for the Orb.
     0 | D        | Reached XP level 1. HP: 9/9 MP: 5/5
     4 | D        | Reached skill level 5 in Stealth
    87 | D        | Killed a yaktaur
   119 | D        | Reached skill level 1 in Fighting
   119 | D        | Reached skill level 6 in Stealth
   119 | D        | Reached XP level 2. HP: 11/14 MP: 7/7
   127 | D        | Killed a white draconian scorcher
   133 | D        | Killed a hellion
   134 | D        | Killed a hellion
   134 | D        | Killed a hellion
   134 | D        | Killed a hellion
   143 | D        | Killed a white draconian scorcher
   167 | D        | Learned a level 2 spell: Ensorcelled Hibernation
   174 | D        | Killed a hellion
   174 | D        | Killed a hellion
   199 | D        | Slain by a wolf

Skill      XL: |  1 |
---------------+----+-----
Stealth        | 6 |  6.5
Spellcasting   | 3 |  3.2
Hexes          | 4 |  4.7
Fighting       | 1 |  1.4
Short Blades   | 3 |  3.3
Dodging        | |  3.4

Action                   || total
-------------------------++-------
Melee: Dagger            ||    22
 Cast: Ensorcelled Hiber ||     1
  Use: Potion            ||     1
 Stab: Sleeping          ||     1
Armor: Robe              ||     1
Dodge: Dodged            ||    13
